 Dungeon Crawl Stone Soup version 0.31-a0-210-gccc998df9b (webtiles) character file.

Game seed: 7466330313905473093

661601 frimble the Earth Mage (level 27, -7/203 HPs)
             Began as an Octopode Warper on June 30, 2023.
             Was the Champion of Cheibriados.
             Killed from afar by a Hell Sentinel (37 damage)
             ... with damnation
             ... on level 14 of a ziggurat.
             The game lasted 01:33:31 (67208 turns).

frimble the Earth Mage (Octopode Warper)           Turns: 67208, Time: 01:33:32

Health: -7/203     AC: 28    Str: 31      XL:     27
Magic:  7/44       EV: 35    Int: 42      God:    Cheibriados [******]
Gold:   7401       SH: 24    Dex: 26 (27) Spells: 25/61 levels left

rFire   + + +        z - +18 lance "Wyrmbane" {slay drac, rPois rF+ rC+ AC+3}
rCold   + + +        C - +2 shield of Resistance {rF++ rC++ Will++}
rNeg    + + +        R - +2 hat
rPois   ∞            Q - amulet of reflection
rElec   +            Y - ring of see invisible
rCorr   +            X - +4 ring of protection
SInv    +            H - +4 ring of protection
Will    +++++        W - +4 ring of protection
Stlth   +++++++      D - +4 ring of protection
HPRegen 1.33/turn    y - +5 ring of evasion
MPRegen 0.29/turn    U - ring of Deit {rElec Will+ rCorr}
                     d - ring "Yloysuocwo" {rC+ rN+ rCorr}

%: reflection
@: lich-form, weakened, magic-sapped, very slightly contaminated, studying 3
skills, very slow
A: draining attack, torment immunity, no potions, almost no armour, amphibious,
8 rings, camouflage 1, gelatinous body 1, (nimble swimmer 1), tentacles, clever
1, regeneration 1, strong 1
}: 3/15 runes: barnacled, silver, gossamer
a: End Transformation, Renounce Religion, Bend Time, Temporal Distortion,
Slouch, Step From Time


You were on level 14 of a ziggurat.
You worshipped Cheibriados.
Cheibriados was exalted by your worship.
You were an undead lich.
You visited 11 branches of the dungeon, and saw 51 of its levels.
You visited 1 ziggurat, and saw 14 of its levels.
You also visited: Ice Cave, Wizlab and Desolation.

You collected 10726 gold pieces.
You spent 3325 gold pieces at shops.

Inventory:

Hand Weapons
 z - the +18 lance "Wyrmbane" (weapon) {slay drac, rPois rF+ rC+ AC+3}
   (You took it off Maggie on level 7 of the Dungeon)

   AC:        It affects your AC (+3).
   rF:        It protects you from fire.
   rC:        It protects you from cold.
   rPois:     It protects you from poison.
Missiles
 o - 16 javelins
 p - 4 throwing nets
Armour
 C - the +2 shield of Resistance (worn) {rF++ rC++ Will++}
   (You acquired it on level 2 of the Orcish Mines)

   rF:        It greatly protects you from fire.
   rC:        It greatly protects you from cold.
   Will:      It greatly increases your willpower.
 R - a +2 hat (worn)
Jewellery
 c - an amulet of regeneration
 d - the ring "Yloysuocwo" (on tentacle) {rC+ rN+ rCorr}
   (You found it on level 1 of the Elven Halls)

   [ring of protection from cold]

   rC:        It protects you from cold.
   rN:        It protects you from negative energy.
   rCorr:     It protects you from acid and corrosion.
 m - an amulet of magic regeneration
 s - a ring of willpower
 y - a +5 ring of evasion (on tentacle)
 D - a +4 ring of protection (on tentacle)
 H - a +4 ring of protection (on tentacle)
 M - the ring of Etsuwaaf {rElec rPois rC+ Str+6 Stlth-}
   (You took it off a deep elf annihilator on level 3 of the Elven Halls)

   [ring of strength]

   Str:       It affects your strength (+6).
   rC:        It protects you from cold.
   rElec:     It insulates you from electricity.
   rPois:     It protects you from poison.
   Stlth:     It makes you less stealthy.
 Q - an amulet of reflection (around mantle)
 U - the ring of Deit (on tentacle) {rElec Will+ rCorr}
   (You took it off a deep elf master archer on level 3 of the Elven Halls)

   [ring of resist corrosion]

   rElec:     It insulates you from electricity.
   rCorr:     It protects you from acid and corrosion.
   Will:      It increases your willpower.
 W - a +4 ring of protection (on tentacle)
 X - a +4 ring of protection (right tentacle)
 Y - a ring of see invisible (left tentacle)
Wands
 B - a wand of iceblast (114)
 J - a wand of mindburst (52)
 K - a wand of paralysis (45)
 P - a wand of light (35)
 V - a wand of digging (14)
Scrolls
 b - 10 scrolls of blinking
 e - 3 scrolls of silence
 i - 11 scrolls of poison
 j - 10 scrolls of revelation
 l - 12 scrolls of fear
 n - 20 scrolls of amnesia
 q - 35 scrolls of teleportation
 r - 18 scrolls of fog
 v - 35 scrolls of identify
 w - 12 scrolls of enchant armour
 A - 5 scrolls of butterflies
 F - 5 scrolls of immolation
 O - 10 scrolls of vulnerability
Potions
 a - 3 potions of might
 f - 18 potions of curing
 g - 6 potions of invisibility
 h - 17 potions of attraction
 k - 11 potions of lignification
 t - 4 potions of berserk rage
 u - 21 potions of mutation
 x - 4 potions of brilliance
 E - 6 potions of resistance
 G - 11 potions of ambrosia
 N - 13 potions of heal wounds
 S - 16 potions of enlightenment
 T - 5 potions of magic
 Z - 8 potions of cancellation
Miscellaneous
 I - a tin of tremorstones (2/2)


   Skills:
 + Level 20.5 Fighting
 - Level 7.2 Short Blades
 - Level 16.0 Polearms
 - Level 1.0 Throwing
 - Level 18.0 Dodging
 - Level 12.0 Stealth
 - Level 19.0 Shields
 + Level 17.6 Spellcasting
 + Level 15.7 Necromancy
 - Level 9.0 Translocations
 + Level 15.1 Transmutations
 - Level 9.8 Ice Magic
 + Level 20.5 Earth Magic
 + Level 20.1 Invocations
 - Level 8.1 Evocations


You had 25 spell levels left.
You knew the following spells:

 Your Spells              Type           Power      Damage    Failure   Level
a - Blink                 Tloc           100%       N/A       1%          2
b - Statue Form           Tmut/Erth      74%        N/A       1%          6
c - Passwall              Tmut/Erth      93%        N/A       0%          2
d - Polar Vortex          Ice            44%        N/A       100%        9
e - Necromutation         Tmut/Necr      64%        N/A       11%         8
f - Shatter               Erth           59%        3d44*     19%         9

Your spell library contained the following spells:

 Spells                   Type           Power      Damage    Failure   Level
 Beastly Appendage        Tmut           100%       N/A       0%          1
 Freeze                   Ice            100%       1d10      0%          1
 Necrotise                Necr           100%       1d9       0%          1
 Sandblast                Erth           100%       2d20      0%          1
 Sublimation of Blood     Necr           100%       N/A       0%          2
 Wereblood                Tmut           100%       N/A       0%          2
 Vampiric Draining        Necr           100%       2d13      0%          3
 Animate Dead             Necr           100%       N/A       0%          4
 Dispel Undead            Necr           100%       3d31      0%          4
 Petrify                  Tmut/Erth      100%       N/A       0%          4
 Borgnjor's Vile Clutch   Necr/Erth      68%        N/A       0%          5
 Lee's Rapid Deconstruct  Erth           59%        3d27*     0%          5
 Apportation              Tloc           100%       N/A       1%          1
 Foxfire                  Conj/Fire      100%       2x1d9     1%          1
 Kiss of Death            Conj/Necr      100%       2d13      1%          1
 Magic Dart               Conj           100%       1d8       1%          1
 Shock                    Conj/Air       100%       1d9       1%          1
 Slow                     Hex            100%       N/A       1%          1
 Call Imp                 Summ           72%        N/A       1%          2
 Cigotuvi's Dreadful Rot  Necr/Pois/Air  100%       N/A       1%          2
 Ensorcelled Hibernation  Hex/Ice        100%       N/A       1%          2
 Lesser Beckoning         Tloc           100%       N/A       1%          2
 Momentum Strike          Conj/Tloc      100%       3d10      1%          2
 Poisonous Vapours        Pois/Air       72%        N/A       1%          2
 Scorch                   Fire           72%        2d8       1%          2
 Searing Ray              Conj           72%        2d7       1%          2
 Static Discharge         Conj/Air       72%        2-5/arc   1%          2
 Frozen Ramparts          Ice            100%       1d16      1%          3
 Gell's Gravitas          Tloc           85%        N/A       1%          3
 Hailstorm                Conj/Ice       67%        3d14      1%          3
 Ignite Poison            Fire/Tmut/Pois 68%        N/A       1%          3
 Spider Form              Tmut/Pois      79%        N/A       1%          3
 Stone Arrow              Conj/Erth      100%       3d13      1%          3
 Teleport Other           Tloc           85%        N/A       1%          3
 Vhi's Electric Charge    Tloc/Air       100%       N/A       1%          3
 Volatile Blastmotes      Fire/Tloc      100%       2d18      1%          3
 Anguish                  Hex/Necr       50%        N/A       1%          4
 Iskenderun's Mystic Bla  Conj/Tloc      66%        2d14      1%          4
 Leda's Liquefaction      Hex/Erth       44%        N/A       1%          4
 Manifold Assault         Tloc           85%        N/A       1%          4
 Passage of Golubria      Tloc           85%        N/A       1%          4
 Summon Ice Beast         Ice/Summ       67%        N/A       1%          4
 Agony                    Necr           100%       N/A       1%          5
 Alistair's Intoxication  Tmut/Pois      52%        N/A       1%          5
 Blade Hands              Tmut           52%        N/A       1%          5
 Irradiate                Conj/Tmut      39%        3d24      1%          5
 Death Channel            Necr           65%        N/A       1%          6
 Leda's Unmaking          Conj/Erth      44%        9d8       1%          6
 Simulacrum               Ice/Necr       60%        N/A       1%          6
 Dragon Form              Tmut           52%        N/A       1%          7
 Confusing Touch          Hex            36%        N/A       2%          3
 Dazzling Flash           Conj/Hex       72%        N/A       2%          3
 Inner Flame              Hex/Fire       36%        N/A       2%          3
 Mephitic Cloud           Conj/Pois/Air  36%        N/A       2%          3
 Summon Guardian Golem    Hex/Summ       36%        N/A       2%          3
 Swiftness                Air            36%        N/A       2%          3
 Metabolic Englaciation   Hex/Ice        33%        N/A       3%          5
 Summon Forest            Summ/Tloc      33%        N/A       3%          5
 Dispersal                Tloc           42%        N/A       3%          6
 Freezing Cloud           Conj/Ice/Air   29%        6-21      6%          5
 Airstrike                Air            18%        2d(3-19)  9%          4
 Cause Fear               Hex            18%        N/A       9%          4
 Flame Wave               Conj/Fire      36%        2d10      9%          4
 Fulminant Prism          Conj/Hex       18%        3d11      9%          4
 Olgreb's Toxic Radiance  Pois           36%        N/A       9%          4
 Sticky Flame             Conj/Fire      36%        2d6       9%          4
 Borgnjor's Revivificati  Necr           65%        N/A       9%          8
 Infestation              Necr           65%        N/A       9%          8
 Ozocubu's Refrigeration  Ice            44%        4d17      13%         7
 Arcjolt                  Conj/Air       18%        1d28      24%         5
 Fireball                 Conj/Fire      18%        3d9       24%         5
 Silence                  Hex/Air        18%        N/A       24%         5
 Summon Mana Viper        Hex/Summ       36%        N/A       24%         5
 Haunt                    Necr/Summ      50%        N/A       28%         7
 Storm Form               Tmut/Air       39%        N/A       32%         7
 Lehudib's Crystal Spear  Conj/Erth      44%        10d11     63%         8
 Conjure Ball Lightning   Conj/Air       18%        3x3d6     80%         6
 Plasma Beam              Fire/Air       18%        2x1d29    80%         6
 Starburst                Conj/Fire      18%        6d7       80%         6
 Summon Cactus Giant      Summ           18%        N/A       80%         6
 Disjunction              Tloc           42%        N/A       80%         8
 Death's Door             Necr           65%        N/A       80%         9
 Enfeeble                 Hex            18%        N/A       100%        7
 Orb of Destruction       Conj           18%        9d8       100%        7
 Spellforged Servitor     Conj/Summ      18%        N/A       100%        7
 Discord                  Hex            18%        N/A       100%        8
 Ignition                 Fire           18%        3d7       100%        8
 Maxwell's Capacitive Co  Air            18%        ∞         100%        8
 Summon Horrible Things   Summ           18%        N/A       100%        8
 Chain Lightning          Conj/Air       18%        3d24      100%        9
 Dragon's Call            Summ           18%        N/A       100%        9
 Fire Storm               Conj/Fire      18%        8d5       100%        9
 Animate Armour           Summ/Erth      Unusable   N/A       N/A         4

Dungeon Overview and Level Annotations

Branches:
Dungeon (15/15)            Temple (1/1) D:6            Lair (5/5) D:10
 Shoals (4/4) Lair:3       Spider (4/4) Lair:2        Slime (0/5) Lair:5
    Orc (2/2) D:12            Elf (3/3) Orc:2        Vaults (5/5) D:14
  Crypt (3/3) Vaults:3       Tomb (0/3) Crypt:3      Depths (4/4) D:15
    Zot (5/5) Depths:4      IceCv (visited)          WizLab (visited)
Desolation (visited)

Altars:
Ashenzari
Cheibriados
Dithmenos
Elyvilon
Fedhas
Gozag
Hepliaklqana
Kikubaaqudgha
Makhleb
Nemelex Xobeh
Okawaru
Qazlal
Ru
Sif Muna
Trog
Uskayaw
Vehumet
Wu Jian
Xom
Yredelemnul
Zin
The Shining One

Shops:
D:1 ???   D:3 :   D:8 ?([   D:10 [   Orc:2 (?[:=   Shoals:2 ?   Vaults:2 *
Vaults:4 *   Depths:4 !

Portals:
Hell: Depths:1 Depths:2 Depths:3 Depths:4
Abyss: D:5 Depths:1 Depths:3
Pandemonium: Depths:2 Depths:3
Trove: D:10 (show slimy rune of Zot)

Annotations:
D:3 1 runed translucent door, Crazy Yiuf
D:5 2 transporters, Starbright's ghost, weakling DgDe
D:6 2 exclusions
Lair:3 3 runed translucent doors, Uroushin's ghost, journeyman GnEn
Spider:2 3 runed translucent doors, Doqag's ghost, adept MfHs
Elf:2 3 runed translucent doors


Innate Abilities, Weirdness & Mutations

You are an undead lich.
Your unarmed attacks are suffused with negative energy.
You are immune to unholy pain and torment.
Your necromantic spells are more powerful.
You cannot drink.
You are immune to poison.
You cannot wear most types of armour.
You are amphibious.
You can wear up to eight rings at the same time.
Your skin changes colour to match your surroundings (Stealth+).
Your rubbery body absorbs attacks. (AC +1, EV +1)
((You are camouflaged when in or above water. (Stealth+)))
You have tentacles for arms and can constrict up to eight enemies at once.
Your mind is acute. (Int +4, Str/Dex -1)
Your natural rate of healing is unusually fast.
Your muscles are strong. (Str +4, Int/Dex -1)


Message History

Nete is severely wounded.
You block the Hell Sentinel's attack. x2; The Ice Fiend misses you.
The Ice Fiend claws you but does no damage.
The red devil hits you but does no damage.
You hit Nete. You squeeze Nete, but do no damage.
Nete is severely wounded.
Nete completely misses you.
Casting: Shatter (dangerous; 19% risk of failure)
Confirm with . or Enter, or press ? or * to list all spells.
You miscast Shatter.
You are very lightly contaminated with residual magic.
Sand pours from your tentacles. Nete gestures at you.
The bolt of energy misses you. You block the red devil's attack. Nete hits you!
You feel as though you will be weak longer.
The Ice Fiend barely misses you. You block the Ice Fiend's attack.
The Hell Sentinel completely misses you.
The Hell Sentinel closely misses you.
The demonspawn black sun calls down the wrath of Kikubaaqudgha upon you.
You convulse!
You puncture Nete!
You tentacle-slap Nete, but do no damage.
Nete is severely wounded.
Nete hits you but does no damage. You block the red devil's attack.
The Ice Fiend gestures at you. The bolt of cold misses you.
The Hell Sentinel completely misses you. x2
The demonspawn black sun invokes the aid of Kikubaaqudgha against you.
You convulse!
* * * LOW HITPOINT WARNING * * *
Blink to where?
Press: ? - help, Dir - move target
Found six items.
As you read the scroll of blinking, it crumbles to dust.
Nete gestures at you. The bolt of energy hits you!!
* * * LOW HITPOINT WARNING * * *
The Hell Sentinel gestures at you.
The sphere of damnation explodes!
The damnation engulfs you!!!
You die...

▓▓▓▓▓▓▓▓▓ ▓........
▓........ ▓........
▓L..........▓
▓....)......▓▓▓▓▓▓
..................
.....).............
.......4............
/........)...........
=/....)†.2)&6.........
([).......).11.........
.................


You could see Nete (black mark), a Hell Sentinel (black mark), an Ice Fiend
(black mark), a cacodemon (black mark), a demonspawn black sun (black mark) and
a red devil (black mark).

Vanquished Creatures
  8 dread liches
  An orb of fire (Zot:4)
  3 ancient liches
  Mennas (Vaults:3)
  3 juggernauts
  Josephina (Depths:4)
  Boris (Vaults:3)
  5 royal mummies
  3 Killer Klowns
  Vv (Depths:3)
  Saint Roka (Depths:4)
  Xtahua (Depths:4)
  2 pandemonium lords (Zig:10)
  2 caustic shrikes
  5 curse toes
  4 pearl dragons (Zig:13)
  10 golden dragons
  The ghost of Katt the Executioner, an adept MiFi of the Shining One (Crypt:3)
  Jory (Vaults:5)
  A Tzitzimitl (Zig:10)
  7 electric golems
  A spectral shard shrike (Crypt:3)
  24 tentacled monstrosities
  Mlioglotl (Spider:4)
  A Cloud Mage (WizLab)
  A walking crystal tome (Depths:2)
  A Hell Sentinel (Zig:7)
  2 liches
  Zenata (Crypt:3)
  7 Orb Guardians (Zot:5)
  7 titans
  A walking divine tome (Depths:4)
  2 deep elf blademasters (Elf:3)
  Asterion (Spider:1)
  2 walking frostbound tomes
  8 sphinxes
  2 acid blobs (Zig:12)
  A tentacled starspawn (Zig:3)
  6 quicksilver dragons
  An Executioner (Zig:14)
  4 ancient champions
  2 deep elf master archers (Elf:3)
  13 death cobs
  7 tengu reavers
  14 storm dragons
  11 draconian monks
  15 shadow dragons
  2 daevas (Zig:13)
  4 revenants
  3 azure jellies (Zig:12)
  7 draconian knights
  Kirke (Spider:4)
  7 nagarajas
  3 quicksilver elementals (Zig:7)
  18 vault wardens
  14 frost giants
  A demonspawn warmonger (Zig:14)
  9 emperor scorpions
  A rockslime (Zig:12)
  8 deep elf sorcerers
  8 fire giants
  2 imperial myrmidons (Desolation)
  12 draconian scorchers
  3 iron dragons
  10 ghost moths
  2 formless jellyfish
  3 curse skulls
  A balrug (Zig:14)
  Louise (Elf:2)
  2 draconian stormcallers (Zot:4)
  2 spriggan defenders (Depths:3)
  7 draconian shifters
  19 ironbound preservers
  10 ghouls
  2 orc warlords
  8 deep elf elementalists (Elf:3)
  2 broodmothers
  5 draconian annihilators
  4 quicksilver oozes
  27 stone giants
  5 war gargoyles
  An angel (Zig:13)
  5 vampire knights
  3 demonspawn corrupters (Zig:14)
  A reaper (Zig:14)
  8 ironbound thunderhulks
  A stone giant (shapeshifter) (Zig:10)
  4 ophanim (Zig:13)
  14 very ugly things
  6 apis (Zig:13)
  2 deep elf demonologists (Elf:3)
  9 white draconians
  12 green draconians
  A lorocyproca (Zig:14)
  17 yellow draconians
  14 purple draconians
  Azrael (Spider:1)
  9 deep elf annihilators
  11 dire elephants
  Nessos (D:14)
  3 demonspawn black suns (Zig:14)
  14 spark wasps
  The ghost of AwFulAwFulPlayer the Marksdemigod, a journeyman DgHu (Elf:1)
  7 red draconians
  2 halazid warlocks (Desolation)
  A spectral titan (Crypt:3)
  11 black draconians
  Snorg (Lair:4)
  10 eidola
  A blizzard demon (WizLab)
  7 merfolk impalers
  A mummy priest (Zig:9)
  5 spectral quicksilver dragons (Crypt:3)
  2 green deaths (Zig:14)
  12 ettins
  20 deep elf death magi
  6 fire dragons
  10 great orbs of eyes
  4 merfolk javelineers (Shoals:4)
  7 entropy weavers
  7 deep elf high priests
  7 jiangshi
  12 servants of whispers (Desolation)
  A quicksilver dragon skeleton (Zig:9)
  5 ragged hierophants (Desolation)
  4 salamander tyrants (Zig:11)
  29 vault guards
  10 yaktaur captains
  6 ice dragons
  5 rakshasas
  An alligator snapping turtle (Shoals:4)
  An ogre mage (Vaults:4)
  9 ironbound frosthearts
  5 death knights
  2 jorogumos
  6 peacekeepers
  A catoblepas (D:13)
  4 merfolk avatars
  9 spriggan air magi
  8 hydras
  5 ghost crabs (WizLab)
  13 centaur warriors
  6 boulder beetles
  6 anacondas
  11 dancing weapons
  A radroach (Spider:4)
  3 satyrs
  5 deep troll earth magi
  20 naga warriors
  11 two-headed ogres
  11 demonic crawlers
  8 deep troll shamans
  2 merfolk aquamancers (Shoals:4)
  6 tengu warriors
  4 death yaks (Lair:2)
  2 spectral dire elephants (Crypt:3)
  5 spriggan berserkers
  4 orc high priests
  A spectral naga (Crypt:3)
  8 vampire magi
  Urug (Lair:1)
  11 hell knights
  A crystal echidna (Zig:7)
  4 shock serpents
  3 soul eaters
  13 deep elf knights
  Sonja (Lair:4)
  A spectral storm dragon (Crypt:3)
  2 titan skeletons
  21 skeletal warriors
  An iron troll (shapeshifter) (Zig:10)
  5 iron trolls
  A salamander mystic (Depths:4)
  A sixfirhy (Zig:14)
  7 skysharks
  6 glowing orange brains
  10 shadow wraiths (Crypt:3)
  2 cherubim (Zig:13)
  9 pharaoh ants
  51 deep trolls
  A deep troll (shapeshifter) (Elf:1)
  A spatial maelstrom (Zig:3)
  A sun moth (Spider:1)
  A death drake (shapeshifter) (D:15)
  3 naga ritualists
  7 flayed ghosts
  3 obsidian statues
  4 bog bodies
  23 sea snakes
  7 death drakes (WizLab)
  11 deep elf archers
  25 ironbound convokers
  A storm dragon skeleton (Crypt:1)
  7 orb spiders
  3 spriggan simulacra
  8 harpies
  A kraken simulacrum (Shoals:3)
  8 wizards
  16 lindwurms
  2 large abominations (Zig:14)
  14 orc knights
  2 orange crystal statues (Zig:1)
  20 phantasmal warriors
  6 steelbarb worms
  A golden dragon skeleton (Depths:3)
  A mana viper (Zig:11)
  15 necromancers
  9 cyclopes
  34 deep elf pyromancers
  18 deep elf zephyrmancers
  8 orc sorcerers
  7 fauns (Shoals:2)
  2 shining eyes (Zig:12)
  17 wolf spiders
  32 moths of wrath
  4 salamanders
  45 ugly things
  2 spectral alligator snapping turtles (Crypt:3)
  2 spectral centaurs (Crypt:3)
  An iron dragon skeleton (Vaults:5)
  A fire giant skeleton (Crypt:2)
  26 manticores
  11 elephants
  5 apocalypse crabs
  23 vault sentinels
  Joseph (D:7)
  13 water nymphs
  10 merfolk sirens
  5 naga magi
  4 torpor snails
  11 black mambas
  3 titan simulacra
  7 guardian serpents
  A molten gargoyle (Desolation)
  A smoke demon (Zig:3)
  An eye of devastation (shapeshifter) (D:15)
  7 cane toads
  2 elf zombies
  A gargoyle (D:12)
  A yellow draconian zombie (Crypt:1)
  Maggie (D:7)
  37 yaktaurs
  A hellion (Zig:7)
  2 unseen horrors (shapeshifter)
  3 unseen horrors
  4 rime drakes (Lair:5)
  An ice devil (IceCv)
  3 anaconda simulacra (IceCv)
  An elephant slug zombie (Crypt:3)
  8 komodo dragons
  41 freezing wraiths
  3 efreet
  An iron troll zombie (Crypt:1)
  4 tengu conjurers
  2 golden dragon simulacra (IceCv)
  2 tengu simulacra
  3 yaktaur skeletons
  A minotaur skeleton (Crypt:2)
  A pale draconian skeleton (Crypt:3)
  A wind drake (shapeshifter) (D:14)
  5 guardian mummies
  13 meliai
  10 trolls
  A tarantella (shapeshifter) (Vaults:2)
  16 merfolk
  23 tarantellas
  10 polar bears
  16 wind drakes
  26 hornets
  A hornet (shapeshifter) (Vaults:5)
  56 saltlings
  9 snapping turtles
  17 dream sheep
  2 human simulacra (Vaults:3)
  A dream sheep (shapeshifter) (Zig:10)
  18 blink frogs
  A spectral black mamba (Crypt:3)
  18 flying skulls
  44 slime creatures
  23 jumping spiders
  7 wraiths
  13 culicivoras
  10 spriggans
  18 air elementals
  2 fire dragon skeletons (Crypt:1)
  2 ushabtiu (Zig:9)
  A wind drake zombie (Crypt:2)
  4 starcursed masses (Zig:3)
  7 water elementals
  A dire elephant simulacrum (IceCv)
  A hog (shapeshifter) (D:13)
  4 basilisks
  12 fire elementals
  5 wyverns
  3 hogs (Spider:4)
  2 vampires (D:12)
  40 yaks
  2 chaos spawn
  A death yak simulacrum (Shoals:3)
  A sea snake simulacrum (Shoals:3)
  8 vampire mosquitoes
  2 alligator snapping turtle simulacra
  A glowing shapeshifter zombie (Depths:3)
  4 minotaur simulacra (IceCv)
  A naga (shapeshifter) (Vaults:5)
  3 steam dragons
  A human zombie (Zig:9)
  47 redbacks
  3 nagas (Zig:11)
  A demonspawn zombie (Crypt:2)
  6 wargs
  5 harpy simulacra
  A faun zombie (Crypt:1)
  4 acid dragons
  A hydra simulacrum (IceCv)
  8 water moccasins
  2 hell hounds (Spider:1)
  An entropy weaver zombie (Crypt:2)
  A floating eye (Depths:2)
  A hornet zombie (Crypt:2)
  3 ice beasts
  2 black bears
  22 orc warriors
  4 alligator simulacra (IceCv)
  4 ettin simulacra (IceCv)
  An elephant zombie (Crypt:2)
  5 ogres
  3 satyr simulacra (Shoals:3)
  An elephant skeleton (Crypt:3)
  A boggart (D:13)
  2 human skeletons
  6 wolves
  3 centaurs
  A phantom (D:5)
  5 kobold brigands
  10 bullfrogs
  3 earth elementals
  A gnoll sergeant (D:6)
  Blork the orc (D:6)
  A salamander skeleton (Crypt:3)
  A deep troll simulacrum (IceCv)
  7 necrophages
  8 scorpions
  2 merfolk simulacra (Shoals:3)
  3 faun simulacra (Shoals:3)
  A wyvern skeleton (Crypt:3)
  3 wights (D:10)
  A snapping turtle simulacrum (Shoals:3)
  4 manticore simulacra (Shoals:3)
  5 lindwurm simulacra (IceCv)
  13 killer bees
  3 spriggan skeletons
  7 howler monkeys
  4 electric eels
  3 lava snakes (Lair:2)
  A wolf skeleton (Crypt:3)
  2 hounds (D:5)
  3 jellies
  A cyclops simulacrum (Shoals:3)
  A gnoll bouda (D:6)
  21 orc priests
  3 sleepcaps
  An iguana (D:6)
  27 orc wizards
  12 hell rats
  4 centaur simulacra
  9 mummies
  10 adders
  11 gnolls
  A shadow imp (D:8)
  An ufetubus (D:7)
  A worm (D:2)
  78 orcs
  7 ball pythons
  3 bats
  6 endoplasms
  3 giant cockroaches
  8 goblins
  5 hobgoblins
  10 jackals
  2 quokkas (D:4)
  A frilled lizard (D:1)
  A goblin zombie (Crypt:1)
  A jackal zombie (Crypt:2)
  22 kobolds
  A kobold zombie (Crypt:3)
  3 rats (D:1)
  2 starspawn tentacles (Zig:3)
  A tentacle (Shoals:3)
2652 creatures vanquished.

Vanquished Creatures (others)
  A draconian stormcaller (Zot:2)
  A juggernaut simulacrum (Depths:4)
  A merfolk aquamancer (Shoals:4)
  A sea snake (Depths:1)
  3 deep elf pyromancers
  A tengu conjurer (Depths:1)
  A saltling (Desolation)
  An air elemental (Elf:1)
  A spriggan (Depths:1)
  A redback (Spider:3)
  A floating eye (shapeshifter) (Vaults:5)
  An orc (Depths:4)
  2 starspawn tentacles (Zig:3)
  3 tentacles (Shoals:3)
19 creatures vanquished.

Grand Total: 2671 creatures vanquished

Notes
Turn   | Place    | Note
-------+----------+-------------------------------------------
     0 | D:1      | frimble the Octopode Warper began the quest for the Orb.
     0 | D:1      | Reached XP level 1. HP: 14/14 MP: 3/3
   151 | D:1      | Reached XP level 2. HP: 19/19 MP: 5/5
   154 | D:1      | Learned a level 2 spell: Blink
   427 | D:1      | Reached XP level 3. HP: 25/25 MP: 6/6
   440 | D:1      | Found a faded altar of an unknown god.
   629 | D:1      | Found Joicioce's Magic Scroll Emporium.
   664 | D:1      | Found a transporter.
   666 | D:1      | Found Nacyr Zada's Magic Scroll Emporium.
   763 | D:1      | Found Gonao's Magic Scroll Shop.
   909 | D:1      | Found a transporter.
  1345 | D:2      | Found a broken altar of Ashenzari.
  1631 | D:2      | Identified a scroll of acquirement
  1631 | D:2      | Acquired 818 gold pieces
  1652 | D:3      | Reached XP level 4. HP: 30/31 MP: 7/7
  1837 | D:3      | Found a runed translucent door.
  1838 | D:3      | Noticed Crazy Yiuf
  2277 | D:4      | Noticed a scorpion
  2287 | D:4      | Killed a scorpion
  2288 | D:4      | Reached XP level 5. HP: 6/36 MP: 8/8
  2292 | D:4      | Reached skill level 5 in Short Blades
  2618 | D:4      | Found an ancient bone altar of Kikubaaqudgha.
  2740 | D:4      | Reached XP level 6. HP: 18/42 MP: 9/9
  3386 | D:3      | Reached skill level 1 in Stealth
  3586 | D:3      | Found Hivivalu's Book Boutique.
  3838 | D:1      | Bought a scroll of identify for 28 gold pieces
  3838 | D:1      | Bought a scroll of teleportation for 42 gold pieces
  3838 | D:1      | Bought a scroll of identify for 28 gold pieces
  3838 | D:1      | Bought a scroll of fog for 56 gold pieces
  3838 | D:1      | Bought a scroll of revelation for 105 gold pieces
  3900 | D:1      | Bought a scroll of teleportation for 33 gold pieces
  3900 | D:1      | Bought a scroll of identify for 22 gold pieces
  3900 | D:1      | Bought a scroll of identify for 22 gold pieces
  3900 | D:1      | Bought a scroll of identify for 22 gold pieces
  4008 | D:5      | Entered Level 5 of the Dungeon
  4028 | D:5      | Noticed an ice beast
  4383 | D:7      | Reached XP level 7. HP: 27/46 MP: 10/10
  4512 | D:7      | Noticed Maggie
  4518 | D:7      | Killed Maggie
  4519 | D:7      | Reached skill level 5 in Stealth
  4596 | D:7      | Noticed a steam dragon
  4643 | D:8      | Reached skill level 1 in Polearms
  4647 | D:8      | Reached XP level 8. HP: 51/52 MP: 11/11
  5004 | D:5      | Reached skill level 5 in Polearms
  5085 | D:5      | Found a transporter.
  5491 | D:5      | Noticed a small abomination
  5492 | D:5      | Found a transporter.
  5540 | D:5      | Found a one-way gate to the infinite horrors of the Abyss.
  5540 | D:5      | Noticed Starbright's ghost (weakling DgDe)
  5853 | D:6      | Noticed Blork the orc
  5923 | D:6      | Killed Blork the orc
  5924 | D:6      | Reached XP level 9. HP: 56/56 MP: 12/12
  6331 | D:6      | Reached skill level 1 in Shields
  6479 | D:6      | Found a hide-covered altar of Uskayaw.
  6481 | D:6      | Found a shimmering altar of Xom.
  6772 | D:6      | Found a staircase to the Ecumenical Temple.
  6848 | Temple   | Entered the Ecumenical Temple
  6854 | Temple   | Became a worshipper of Cheibriados the Contemplative
  6939 | D:7      | Noticed Joseph
  6945 | D:7      | Killed Joseph
  7858 | D:8      | Found Devul's Armour Emporium.
  7944 | D:8      | Reached * piety under Cheibriados
  7985 | D:8      | Found Duorphil's Magic Scroll Shoppe.
  8008 | D:8      | Reached XP level 10. HP: 62/63 MP: 13/13
  8029 | D:8      | Bought a scroll of identify for 28 gold pieces
  8029 | D:8      | Bought a scroll of identify for 28 gold pieces
  8029 | D:8      | Bought a scroll of identify for 28 gold pieces
  8029 | D:8      | Bought a scroll of blinking for 105 gold pieces
  8043 | D:8      | Found Midiar's Weapon Shoppe.
  8099 | D:8      | Reached skill level 5 in Dodging
  8442 | D:9      | Reached ** piety under Cheibriados
  8630 | D:9      | Noticed a two-headed ogre
  8643 | D:9      | Killed a two-headed ogre
  8644 | D:9      | Reached skill level 5 in Shields
  8917 | D:9      | Noticed a two-headed ogre
  9005 | D:9      | Noticed a two-headed ogre
  9363 | D:10     | Entered Level 10 of the Dungeon
  9423 | D:10     | Reached skill level 1 in Evocations
  9913 | D:10     | Found a staircase to the Lair.
  9994 | D:10     | Killed an unseen horror
 10006 | D:10     | Found Rikhibri's Antique Armour Shop.
 10012 | D:10     | Bought a slimy kite shield for 266 gold pieces
 10012 | D:10     | Identified the +5 kite shield of Grace {Stlth+} (You bought
                  | it in a shop on level 10 of the Dungeon)
 10012 | D:10     | Bought a spiked buckler for 266 gold pieces
 10012 | D:10     | Identified the +0 buckler of Leutwe {Harm rPois Str+3
                  | Int+3} (You bought it in a shop on level 10 of the Dungeon)
 10086 | D:10     | Found a portal to a secret trove of treasure.
 10418 | D:9      | Reached *** piety under Cheibriados
 10432 | D:9      | Killed a two-headed ogre
 10433 | D:9      | Reached skill level 10 in Polearms
 10433 | D:9      | Reached skill level 1 in Invocations
 10450 | D:9      | Found a sacrificial altar of Ru.
 10532 | D:9      | Killed a two-headed ogre
 10533 | D:9      | Reached XP level 11. HP: 70/70 MP: 14/14
 10884 | D:11     | Noticed a two-headed ogre
 10894 | D:11     | Killed a two-headed ogre
 10899 | D:11     | Noticed a manticore
 10907 | D:11     | Killed a manticore
 11012 | D:11     | Noticed a manticore
 11018 | D:11     | Killed a manticore
 11019 | D:11     | Reached skill level 5 in Fighting
 11071 | D:11     | Reached **** piety under Cheibriados
 11264 | D:12     | Noticed a brown ugly thing
 11275 | D:12     | Killed a brown ugly thing
 11340 | Lair:1   | Entered Level 1 of the Lair of Beasts
 11466 | Lair:1   | Reached skill level 5 in Translocations
 11945 | Lair:1   | Reached XP level 12. HP: 77/77 MP: 18/18
 12409 | Lair:1   | Reached skill level 5 in Evocations
 12474 | Lair:1   | Got the Elucidation of Spatial Anathema
 12482 | Lair:1   | Noticed Urug
 12495 | Lair:1   | Killed Urug
 12823 | Lair:2   | Identified the +8 quarterstaff "Ojiysaew" {protect, Str+6}
 12851 | Lair:2   | Reached skill level 5 in Spellcasting
 13101 | Lair:2   | Found an opulent altar of Gozag.
 13128 | Lair:2   | Noticed a death yak
 13183 | Lair:3   | Reached ***** piety under Cheibriados
 13204 | Lair:3   | Noticed a four-headed hydra
 13490 | Lair:2   | Noticed an eight-headed hydra
 13498 | Lair:2   | Killed an eight-headed hydra
 13657 | Lair:2   | Found a hole to the Spider Nest.
 13693 | Lair:2   | Noticed a death yak
 13693 | Lair:2   | Noticed a death yak
 13720 | Lair:3   | Noticed Uroushin's ghost (journeyman GnEn)
 13720 | Lair:3   | Noticed a 13-headed hydra
 13720 | Lair:3   | Noticed an 11-headed hydra
 13720 | Lair:3   | Found a runed translucent gate.
 13720 | Lair:3   | Found a runed translucent gate.
 13720 | Lair:3   | Found a runed translucent gate.
 13818 | Lair:3   | Reached skill level 5 in Invocations
 13867 | Lair:3   | Found a staircase to the Shoals.
 14007 | Lair:3   | Reached XP level 13. HP: 84/84 MP: 22/22
 14321 | Lair:3   | Identified the +1 troll leather armour of Vonwedisk {Regen+
                  | Int+4}
 14992 | Lair:4   | Noticed Snorg
 15008 | Lair:4   | Killed Snorg
 15125 | Lair:4   | Noticed Sonja
 15131 | Lair:4   | Killed Sonja
 15279 | Lair:5   | Entered Level 5 of the Lair of Beasts
 15414 | Lair:5   | Reached ****** piety under Cheibriados
 15885 | Lair:5   | Reached XP level 14. HP: 59/92 MP: 26/26
 16397 | Lair:5   | Identified the ring of Butchery {Fire Will+ Dex+3 Stlth+}
 16630 | Lair:5   | Found a staircase to the Slime Pits.
 17984 | D:12     | Found a staircase to the Orcish Mines.
 19254 | D:13     | Reached XP level 15. HP: 101/101 MP: 27/27
 19801 | D:13     | Reached skill level 10 in Shields
 19949 | D:14     | Noticed Nessos
 19958 | D:14     | Killed Nessos
 20304 | D:14     | Found a gate to the Vaults.
 20467 | D:14     | Reached skill level 10 in Fighting
 20839 | D:15     | Entered Level 15 of the Dungeon
 21078 | D:15     | Reached skill level 10 in Invocations
 21177 | D:15     | Noticed a fire giant
 21186 | D:15     | Killed a fire giant
 21300 | D:15     | Identified the +4 arbalest of Foul Odours {freeze, rPois
                  | rN+ Int+3}
 21447 | D:15     | Found a staircase to the Depths.
 21812 | Orc:1    | Entered Level 1 of the Orcish Mines
 21973 | Orc:1    | Noticed an orc warlord
 21993 | Orc:1    | Killed an orc warlord
 22176 | Orc:1    | Reached XP level 16. HP: 111/111 MP: 28/28
 22231 | Orc:2    | Entered Level 2 of the Orcish Mines
 22551 | Orc:2    | Reached skill level 10 in Dodging
 22560 | Orc:2    | Found Pukhel's Armour Shoppe.
 22562 | Orc:2    | Found Joquc's Book Shoppe.
 22599 | Orc:2    | Found Luropaub's Magic Scroll Shop.
 22605 | Orc:2    | Bought a scroll of acquirement for 884 gold pieces
 22605 | Orc:2    | Bought a scroll of teleportation for 51 gold pieces
 22605 | Orc:2    | Bought 2 scrolls of teleportation for 102 gold pieces
 22605 | Orc:2    | Bought a scroll of immolation for 68 gold pieces
 22605 | Orc:2    | Bought a scroll of immolation for 68 gold pieces
 22605 | Orc:2    | Bought a scroll of revelation for 127 gold pieces
 22605 | Orc:2    | Acquired the +2 shield of Resistance {rF++ rC++ Will++}
 22605 | Orc:2    | Found the +2 shield of Resistance {rF++ rC++ Will++}
 22671 | Orc:2    | Found Wanu's Jewellery Shoppe.
 22869 | Orc:2    | Found a staircase to the Elven Halls.
 22979 | Orc:2    | Found Poudwoaph's Antique Weapon Boutique.
 23280 | Orc:2    | Learned a level 6 spell: Statue Form
 23342 | Elf:1    | Entered Level 1 of the Elven Halls
 23356 | Elf:1    | Reached skill level 1 in Transmutations
 23356 | Elf:1    | Reached skill level 1 in Earth Magic
 23375 | Elf:1    | Found a magical portal.
 23446 | WizLab   | Entered The Chambers of the Cloud Mage
 23464 | WizLab   | Paralysed by an air elemental for 1 turns
 23615 | WizLab   | Paralysed by an air elemental for 1 turns
 23741 | WizLab   | Paralysed by an air elemental for 1 turns
 23847 | WizLab   | Paralysed by an air elemental for 1 turns
 23986 | WizLab   | Paralysed by an air elemental for 1 turns
 24486 | WizLab   | Noticed Dunea
 24496 | WizLab   | Reached skill level 5 in Transmutations
 24497 | WizLab   | Killed Dunea the Cloud Mage
 24498 | WizLab   | Reached skill level 5 in Earth Magic
 24531 | WizLab   | Got the Information on Electrocution
 24549 | WizLab   | Learned a level 2 spell: Passwall
 24777 | Elf:1    | Reached XP level 17. HP: 117/117 MP: 29/29
 24822 | Elf:1    | Found a runed translucent gate.
 24823 | Elf:1    | Found a runed translucent gate.
 24824 | Elf:1    | Noticed AwFulAwFulPlayer's ghost (journeyman DgHu)
 24828 | Elf:1    | Found a runed translucent gate.
 25283 | Elf:1    | Got Sif Muna's Incunable of Conflict and Support
 25680 | Elf:1    | Killed AwFulAwFulPlayer's ghost
 25738 | Elf:1    | Identified the ring "Yloysuocwo" {rC+ rN+ rCorr}
 25835 | Elf:2    | Noticed Louise
 25837 | Elf:2    | Found a crumbling gateway.
 25858 | Elf:2    | Killed Louise
 25875 | Desolati | Entered the Desolation of Salt
 26154 | Desolati | Reached skill level 10 in Transmutations
 26154 | Desolati | Reached skill level 10 in Earth Magic
 26628 | Desolati | Got the Reference Book on Feathery Topomancy
 26630 | Desolati | Identified the +4 pair of gloves of Lifelessness {Contam
                  | rC+++ Int+6}
 26632 | Desolati | Identified the +2 long sword "Conservator" {heavy, rF+
                  | SInv}
 26718 | Desolati | Got the Omnibus of Moving Malevolent Rites
 26843 | Desolati | Reached XP level 18. HP: 114/124 MP: 30/30
 27108 | Elf:2    | Found a runed translucent gate.
 27109 | Elf:2    | Found a runed translucent gate.
 27109 | Elf:2    | Found a runed translucent gate.
 27893 | Elf:3    | Entered Level 3 of the Elven Halls
 27963 | Elf:3    | Paralysed by an air elemental for 1 turns
 28095 | Elf:3    | Noticed a deep elf blademaster
 28108 | Elf:3    | Killed a deep elf blademaster
 28149 | Elf:3    | Noticed a deep elf blademaster
 28158 | Elf:3    | Killed a deep elf blademaster
 28163 | Elf:3    | Identified the +1 robe of Ottiw {Int+3}
 28183 | Elf:3    | Noticed a deep elf master archer
 28184 | Elf:3    | Identified the ring of Etsuwaaf {rElec rPois rC+ Str+6
                  | Stlth-}
 28185 | Elf:3    | Noticed a Tzitzimitl
 28185 | Elf:3    | Identified the +4 shadow dragon scales of the Knives
                  | {Rampage rF+ Str+3 Stlth++++}
 28185 | Elf:3    | Identified the ring of Deit {rElec Will+ rCorr}
 28185 | Elf:3    | Noticed a deep elf master archer
 28191 | Elf:3    | Killed a deep elf master archer
 28191 | Elf:3    | Killed a deep elf master archer
 28407 | Elf:3    | Identified the ring of Rorpha {rElec rF- rC+ Str-3 SInv}
 28500 | Elf:3    | Identified the +7 ring mail "Suesasch" {Int+5 Slay+3}
 28703 | Elf:3    | Identified the +0 leather armour "Leag" {rElec}
 28800 | Elf:3    | Found a shimmering blue altar of Sif Muna.
 28844 | Elf:3    | Found a shimmering blue altar of Sif Muna.
 29280 | Spider:1 | Entered Level 1 of the Spider Nest
 29533 | Spider:1 | Noticed Asterion
 29545 | Spider:1 | Killed Asterion
 29799 | Spider:1 | Noticed Azrael
 29812 | Spider:1 | Killed Azrael
 30529 | Spider:2 | Found a frozen archway.
 30540 | Spider:2 | Reached XP level 19. HP: 132/132 MP: 26/31
 30598 | IceCv    | Entered an ice cave
 30814 | IceCv    | Found an ancient bone altar of Kikubaaqudgha.
 31428 | Spider:2 | Identified the +5 robe of Activism {rC+ Regen+ Dex-4}
 31614 | Spider:2 | Reached skill level 10 in Stealth
 31827 | Spider:2 | Found a runed translucent gate.
 31828 | Spider:2 | Found a runed translucent gate.
 31829 | Spider:2 | Found a runed translucent gate.
 31829 | Spider:2 | Noticed Doqag's ghost (adept MfHs)
 33015 | Spider:4 | Entered Level 4 of the Spider Nest
 33049 | Spider:4 | Noticed Kirke
 33064 | Spider:4 | Killed Kirke
 33149 | Spider:4 | Noticed Mlioglotl
 33159 | Spider:4 | Noticed a profane servitor
 33176 | Spider:4 | Killed Mlioglotl
 34028 | Spider:4 | Reached skill level 10 in Spellcasting
 34260 | Spider:4 | Reached XP level 20. HP: 143/143 MP: 1/34
 34552 | Spider:4 | Got a gossamer rune of Zot
 35056 | Shoals:1 | Entered Level 1 of the Shoals
 36234 | Shoals:2 | Found Xeasut's Magic Scroll Shop.
 36286 | Shoals:2 | Bought a scroll of teleportation for 42 gold pieces
 36286 | Shoals:2 | Bought a scroll of teleportation for 42 gold pieces
 36286 | Shoals:2 | Bought a scroll of revelation for 105 gold pieces
 36719 | Shoals:3 | Found a runed translucent gate.
 36719 | Shoals:3 | Found a runed translucent gate.
 36720 | Shoals:3 | Found a runed translucent gate.
 37346 | Shoals:3 | Reached skill level 15 in Fighting
 37539 | Shoals:4 | Entered Level 4 of the Shoals
 37995 | Shoals:4 | Got a barnacled rune of Zot
 38597 | Shoals:4 | Identified the +9 falchion of Baluxkya {heavy, rF+ rN+
                  | Dex+2 Stlth+}
 39220 | Depths:1 | Entered Level 1 of the Depths
 39347 | Depths:1 | Reached XP level 21. HP: 152/152 MP: 33/36
 40380 | Depths:1 | Found a gateway to Hell.
 41144 | Depths:2 | Found a glowing golden altar of the Shining One.
 41144 | Depths:2 | Found a bloodstained altar of Trog.
 41146 | Depths:2 | Found a one-way gate leading to the halls of Pandemonium.
 41182 | Depths:2 | Found a one-way gateway to a ziggurat.
 41504 | Depths:2 | Found a basalt altar of Yredelemnul.
 41565 | Depths:2 | Noticed a juggernaut
 41588 | Depths:2 | Killed a juggernaut
 41658 | Depths:2 | Reached XP level 22. HP: 162/162 MP: 37/37
 41676 | Depths:2 | Noticed a juggernaut
 41694 | Depths:2 | Killed a juggernaut
 41814 | Depths:2 | Reached skill level 15 in Shields
 42070 | Depths:2 | Identified the +0 plate armour "Umioni" {rPois Int-4 Dex+3}
 42090 | Depths:2 | Got the Omnibus of Allied Malevolent Rituals
 42092 | Depths:2 | Got the Elucidation of Wounds
 42216 | Depths:2 | Paralysed by a floating eye for 2 turns
 42361 | Depths:2 | Noticed a caustic shrike
 42369 | Depths:2 | Killed a caustic shrike
 42648 | Depths:4 | Entered Level 4 of the Depths
 42648 | Depths:4 | Noticed Vv
 42935 | Depths:3 | Reached skill level 15 in Earth Magic
 42954 | Depths:3 | Killed Vv
 43194 | Depths:3 | Found a basalt altar of Yredelemnul.
 43791 | Depths:4 | Noticed a juggernaut
 43805 | Depths:4 | Killed a juggernaut
 43991 | Depths:4 | Noticed Saint Roka
 44018 | Depths:4 | Killed Saint Roka
 44019 | Depths:4 | Reached XP level 23. HP: 82/169 MP: 35/39
 44222 | Depths:4 | Found Noizik's Distillery.
 44230 | Depths:4 | Bought a potion of heal wounds for 80 gold pieces
 44230 | Depths:4 | Bought a potion of heal wounds for 80 gold pieces
 44230 | Depths:4 | Bought a potion of attraction for 48 gold pieces
 44230 | Depths:4 | Bought a potion of attraction for 48 gold pieces
 44230 | Depths:4 | Bought a potion of resistance for 160 gold pieces
 44230 | Depths:4 | Bought 2 potions of curing for 96 gold pieces
 44230 | Depths:4 | Bought a potion of mutation for 128 gold pieces
 44239 | Depths:4 | Noticed Xtahua
 44253 | Depths:4 | Killed Xtahua
 44343 | Depths:4 | Identified the staff of Accord {rF- rC+ Int+5 Dex+7 Ice}
 44343 | Depths:4 | Identified the ring "Orphe" {Ice SInv}
 44343 | Depths:4 | Noticed Josephina
 44353 | Depths:4 | Killed Josephina
 44354 | Depths:4 | Reached skill level 15 in Invocations
 44435 | Depths:4 | Found a gate to the Realm of Zot.
 44960 | Depths:4 | Reached skill level 15 in Dodging
 45595 | Vaults:1 | Entered Level 1 of the Vaults
 45908 | Vaults:1 | Found a runed translucent door.
 46974 | Vaults:2 | Reached skill level 15 in Polearms
 47099 | Vaults:2 | Found Kiavvaz's Assorted Antiques.
 47382 | Vaults:2 | Reached XP level 24. HP: 155/175 MP: 40/40
 48474 | Vaults:3 | Noticed Mennas
 48500 | Vaults:3 | Killed Mennas
 48866 | Vaults:3 | Noticed Boris
 48879 | Vaults:3 | Killed Boris
 49160 | Vaults:3 | Identified the +6 mace "Wietwa" {freeze, Fly rElec rN+
                  | Dex+3}
 49254 | Vaults:3 | Found a staircase to the Crypt.
 49255 | Vaults:3 | Acquired 1122 gold pieces
 50322 | Vaults:4 | Found Alolecik's Assorted Antiques.
 50358 | Vaults:4 | Bought a scroll of teleportation for 117 gold pieces
 51566 | Vaults:4 | Reached XP level 25. HP: 182/182 MP: 41/41
 51769 | Vaults:4 | Learned a level 9 spell: Polar Vortex
 51786 | Vaults:5 | Entered Level 5 of the Vaults
 51825 | Vaults:5 | Reached skill level 1 in Ice Magic
 51859 | Vaults:5 | Noticed a dread lich
 51878 | Vaults:5 | Killed a dread lich
 52065 | Vaults:5 | Reached skill level 15 in Spellcasting
 52197 | Vaults:5 | Got the Catalogue of Last Rites
 52249 | Vaults:5 | Reached skill level 1 in Necromancy
 52738 | Vaults:5 | Identified the staff "Wuliq" {rElec rF+ Conj}
 52783 | Vaults:5 | Got a silver rune of Zot
 52868 | Vaults:5 | Found the +8 whip "Snakebite" {venom, curare, rPois}
 52997 | Vaults:5 | Paralysed by a floating eye for 3 turns
 53390 | Vaults:5 | Noticed Jory
 53407 | Vaults:5 | Killed Jory
 53538 | Vaults:5 | Identified the staff "Ysewnenn" {rF++ rC+ Ice}
 53839 | Crypt:1  | Entered Level 1 of the Crypt
 53881 | Crypt:1  | Reached skill level 5 in Ice Magic
 54028 | Crypt:1  | Reached XP level 26. HP: 162/191 MP: 42/42
 55655 | Crypt:3  | Entered Level 3 of the Crypt
 55760 | Crypt:3  | Identified the +4 spear "Impbane" {venom, Will- Int+3
                  | Dex+2}
 56175 | Crypt:3  | Reached skill level 5 in Necromancy
 56600 | Crypt:3  | Noticed Zenata
 56625 | Crypt:3  | Killed Zenata
 56765 | Crypt:3  | Found a basalt altar of Yredelemnul.
 56813 | Crypt:3  | Found a runed translucent gate.
 56814 | Crypt:3  | Found a runed translucent gate.
 56814 | Crypt:3  | Found an ancient bone altar of Kikubaaqudgha.
 56815 | Crypt:3  | Found a runed translucent gate.
 56816 | Crypt:3  | Noticed a dread lich
 56816 | Crypt:3  | Noticed a dread lich
 56816 | Crypt:3  | Noticed Katt's ghost (adept MiFi)
 56816 | Crypt:3  | Noticed an ancient lich
 56817 | Crypt:3  | Noticed a dread lich
 56867 | Crypt:3  | Found a staircase to the Tomb.
 57159 | Crypt:3  | Found the amulet of the Four Winds {rN+ Will+++ Clar}
 57506 | Crypt:3  | Got Avif's Guide on Shades
 57514 | Crypt:3  | Identified the +4 longbow "Pesoicuz" {elec, rC+ Str+3
                  | Int+2}
 57602 | Crypt:3  | Killed a dread lich
 57608 | Crypt:3  | Killed an ancient lich
 57613 | Crypt:3  | Killed a dread lich
 57618 | Crypt:3  | Killed a dread lich
 57632 | Crypt:3  | Killed Katt's ghost
 57727 | Crypt:3  | Identified the amulet "Cef Duho" {Harm rPois Regen+ rCorr
                  | Int-3}
 57740 | Crypt:3  | Learned a level 8 spell: Necromutation
 58224 | Zot:1    | Entered Level 1 of the Realm of Zot
 58360 | Zot:1    | Identified the +3 great sword "Kyaniwoff" {vamp, rC++ Str+6
                  | Dex-5}
 58571 | Zot:1    | You fall into a shaft and drop 1 floor!
 58631 | Zot:2    | Reached XP level 27. HP: 198/198 MP: 42/42
 59185 | Zot:2    | Found a huge runed gate.
 59185 | Zot:2    | Found a huge runed gate.
 59186 | Zot:2    | Found a huge runed gate.
 59316 | Zot:2    | Found a huge runed gate.
 59316 | Zot:2    | Found a huge runed gate.
 59316 | Zot:2    | Found a huge runed gate.
 59317 | Zot:2    | Found a huge runed gate.
 59318 | Zot:2    | Found a huge runed gate.
 59319 | Zot:2    | Found a huge runed gate.
 59319 | Zot:2    | Found a huge runed gate.
 59321 | Zot:2    | Found a huge runed gate.
 59321 | Zot:2    | Found a huge runed gate.
 59321 | Zot:2    | Found a huge runed gate.
 59321 | Zot:2    | Found a huge runed gate.
 59322 | Zot:2    | Found a huge runed gate.
 59323 | Zot:2    | Found a huge runed gate.
 59324 | Zot:2    | Found a huge runed gate.
 59325 | Zot:2    | Found a huge runed gate.
 59326 | Zot:2    | Found a huge runed gate.
 59327 | Zot:2    | Found a huge runed gate.
 59340 | Zot:2    | Found a huge runed gate.
 59340 | Zot:2    | Found a huge runed gate.
 59340 | Zot:2    | Found a huge runed gate.
 59340 | Zot:2    | Found a huge runed gate.
 59340 | Zot:2    | Found a huge runed gate.
 59374 | Zot:2    | Found a huge runed gate.
 59399 | Zot:2    | Found a huge runed gate.
 59400 | Zot:2    | Found a huge runed gate.
 59401 | Zot:2    | Found a huge runed gate.
 59409 | Zot:2    | Found a huge runed gate.
 59409 | Zot:2    | Found a huge runed gate.
 59410 | Zot:2    | Found a huge runed gate.
 59411 | Zot:2    | Found a huge runed gate.
 59412 | Zot:2    | Found a huge runed gate.
 59413 | Zot:2    | Found a huge runed gate.
 59414 | Zot:2    | Found a huge runed gate.
 59878 | Zot:2    | Noticed an ancient lich
 59878 | Zot:2    | Noticed an ancient lich
 59878 | Zot:2    | Noticed a dread lich
 59878 | Zot:2    | Noticed a dread lich
 59879 | Zot:2    | Noticed a dread lich
 59892 | Zot:2    | Killed an ancient lich
 59895 | Zot:2    | Killed a dread lich
 59904 | Zot:2    | Killed an ancient lich
 59910 | Zot:2    | Killed a dread lich
 60002 | Zot:2    | Killed a dread lich
 60146 | Zot:2    | Identified the ring of Obbomnakk {rElec rCorr}
 60177 | Zot:1    | Noticed a dread lich
 60193 | Zot:2    | Killed a dread lich
 60401 | Zot:1    | Identified the +5 leather armour of Melancholy {Int+3}
 61857 | Zot:2    | Learned a level 9 spell: Shatter
 62303 | Zot:3    | Reached skill level 10 in Necromancy
 63801 | Zot:4    | Noticed an orb of fire
 63833 | Zot:4    | Killed an orb of fire
 65007 | Zot:5    | Entered Level 5 of the Realm of Zot
 65486 | Zig:1    | Entered Level 1 of a ziggurat
 65657 | Zig:2    | Entered Level 2 of a ziggurat
 65672 | Zig:2    | Identified the +7 spear of the Holding Scavenger {elec,
                  | Dex+3}
 65677 | Zig:3    | Entered Level 3 of a ziggurat
 65691 | Zig:3    | Paralysed by accursed screaming for 1 turns
 65694 | Zig:3    | Paralysed by accursed screaming for 1 turns
 65729 | Zig:4    | Entered Level 4 of a ziggurat
 65746 | Zig:4    | Noticed a royal mummy
 65747 | Zig:4    | Noticed a royal mummy
 65783 | Zig:4    | Killed a royal mummy
 65792 | Zig:4    | Killed a royal mummy
 66088 | Zig:5    | Entered Level 5 of a ziggurat
 66140 | Zig:5    | Identified the staff of the Three Interlopers {Will++
                  | Earth}
 66147 | Zig:6    | Entered Level 6 of a ziggurat
 66151 | Zig:6    | Found the +10 zealot's sword {holy, Zealotry, *Rage rN+
                  | EV+3}
 66179 | Zig:6    | Identified the ring "Seiqal" {Fly rElec Dex+6}
 66364 | Zig:7    | Entered Level 7 of a ziggurat
 66376 | Zig:7    | Gained mutation: You are dopey. (Int -2) [mutagenic glow]
 66405 | Zig:7    | Lost mutation: You are dopey. (Int -2) [potion of mutation]
 66405 | Zig:7    | Gained mutation: Your natural rate of healing is unusually
                  | fast. [potion of mutation]
 66405 | Zig:7    | Gained mutation: Your mind is acute. (Int +4, Str/Dex -1)
                  | [potion of mutation]
 66405 | Zig:7    | Gained mutation: Your muscles are strong. (Str +4, Int/Dex
                  | -1) [potion of mutation]
 66407 | Zig:7    | Identified the +2 flail of Onowel {pain, rC+}
 66499 | Zig:8    | Entered Level 8 of a ziggurat
 66562 | Zig:8    | Got the Parchment of Dislocation
 66599 | Zig:8    | Identified the +0 ring mail of Fun and Games {Str-4 Int+2
                  | Dex+2}
 66607 | Zig:9    | Entered Level 9 of a ziggurat
 66616 | Zig:9    | Noticed a royal mummy
 66616 | Zig:9    | Noticed a royal mummy
 66616 | Zig:9    | Noticed a royal mummy
 66620 | Zig:9    | Killed a royal mummy
 66620 | Zig:9    | Killed a royal mummy
 66624 | Zig:9    | Killed a royal mummy
 66633 | Zig:9    | Got the Spellbook of Mutagenic Toxins
 66694 | Zig:10   | Entered Level 10 of a ziggurat
 66698 | Zig:10   | Noticed Niwawyi the pandemonium lord
 66700 | Zig:10   | Noticed Wicw the pandemonium lord
 66721 | Zig:10   | Found the +3 pair of seven-league boots {Rampage+∞}
 66725 | Zig:10   | Reached skill level 15 in Transmutations
 66752 | Zig:10   | Killed Niwawyi the pandemonium lord
 66765 | Zig:10   | Killed Wicw the pandemonium lord
 66800 | Zig:10   | Got the Verses on Direction and Snow
 66863 | Zig:11   | Entered Level 11 of a ziggurat
 66910 | Zig:11   | Identified the +5 quarterstaff of Earthquakes {vamp, rCorr}
 66914 | Zig:11   | Reached skill level 15 in Necromancy
 66921 | Zig:11   | Identified the ring "Fudiun" {Will+ MP+9 Int-4 Dex+3}
 66925 | Zig:11   | Identified the +1 plate armour of Dithmenos's Reproof
                  | {Regen+ Str+4}
 66935 | Zig:12   | Entered Level 12 of a ziggurat
 66947 | Zig:12   | Found the brooch of Shielding {Spirit SH+8}
 66993 | Zig:12   | Identified the ring "Siluphok" {Wiz Str+3}
 67079 | Zig:13   | Entered Level 13 of a ziggurat
 67137 | Zig:13   | Got the Treatise on Undead Putridity
 67142 | Zig:13   | Got the Discursus on Glowing Open Graves
 67146 | Zig:13   | Identified the +5 arbalest of the Abyss {freeze, rElec rF+
                  | Dex+3 Stlth+}
 67177 | Zig:14   | Entered Level 14 of a ziggurat
 67184 | Zig:14   | Noticed Nete the pandemonium lord
 67208 | Zig:14   | Killed from afar by a Hell Sentinel

Illustrated notes

Levels and vault maps discovered:
D:1:      psy_arrival_spokes, layout_loops_ring, ebering_ecumenical_altar_hall,
          serial_shops, nicolae_shop_drivethru, shop, shop, serial_rivers,
          chequers_serial_rivers_marsh, chequers_serial_rivers_small_b,
          chequers_serial_rivers_small_a, chequers_serial_rivers_small_3,
          minivault_24, chequers_serial_rivers_room_a, minmay_misc_feat_plants
D:2:      layout_loops_cross, basic_altar, serial_bayou_pond_d
D:3:      layout_rooms, serial_shops, shop, minmay_liquid_box,
          uniq_crazy_yiuf_cottage
D:4:      layout_basic, kiku_gazebo_garden_becter
D:5:      layout_basic, serial_aquarium, aquarium_bridge_square
          [aquarium_subvault_wall, aquarium_subvault_bridge,
          aquarium_subvault_window, aquarium_subvault_bridge],
          aquarium_bridge_island_small [aquarium_subvault_small_water,
          aquarium_subvault_wall, aquarium_subvault_wall,
          aquarium_subvault_bridge, aquarium_subvault_wall], aquarium_window_2,
          aquarium_window_corner, aquarium_window_corner, aquarium_view_2g,
          aquarium_view_2b, gammafunk_ghost_abyssal_escape, minmay_crystal_room,
          hangedman_abyss_or_decor_stagger
D:6:      layout_cave_pools, minitemple, minmay_temple_entry_nine_rooms,
          serial_bayou, serial_bayou_shore_b, serial_bayou_pond_a,
          serial_bayou_lagoon_a, serial_bayou_pond_a, uniq_blork_the_orc
D:7:      layout_basic, uniq_maggie, uniq_joseph
D:8:      layout_loops_ring, serial_shops, nicolae_shop_crystal, shop,
          nicolae_shop_bloodbath_and_beyond, serial_bayou_pond_a,
          minmay_strange_pillars, hangedman_decor_slide_cut
D:9:      layout_stronghold, old_standard_altar, palyth_stone_intersect,
          feat_on_display
D:10:     layout_gridville, david_lair_shrubbed, enter_trove_3, serial_shops,
          nicolae_shop_tiny_statue_garden, chequers_serial_rivers_micro_b
D:11:     layout_loops_cross, st_stairs_11
D:12:     layout_stronghold, minmay_orc_entry_temple_small
D:13:     minmay_the_grid_3x2 [minmay_the_grid_minigrid_large,
          minmay_the_grid_dragon_b, minmay_the_grid_pillar_ring,
          minmay_the_grid_all_tris, minmay_the_grid_gridbox,
          minmay_the_grid_prize_inner_circle], layout_loops_ring
D:14:     layout_cave_pods, skrybe_vaults_entry_preservation, dk_noncrumbling_4,
          nicolae_figureground_pulse, uniq_nessos
D:15:     gammafunk_enter_depths_forms, layout_basic, minmay_misc_feat_tower,
          evilmike_minifort
Temple:   nicolae_temple_no_exploring_needed
Lair:1:   layout_layer_cave, uniq_urug
Lair:2:   layout_gridlike, spider_nest_entry_a, basic_altar,
          nicolae_lair_liquid_snakes
Lair:3:   layout_loops_ring, shoals_dummy_entry, gammafunk_ghost_hydra_chop,
          chequers_serial_rivers_large_b, chequers_serial_rivers_small_3,
          chequers_serial_rivers_micro_d, small_statue_intersection,
          cheibrodos_lair_lostbears
Lair:4:   layout_roguey, uniq_sonja, uniq_snorg
Lair:5:   gammafunk_lair_ancient_temple, layout_regular_city, slime_entry_1,
          chequers_serial_rivers_micro_b
Shoals:1: layout_shoals
Shoals:2: layout_shoals, serial_shops, shop, nicolae_shoals_loop_pool
Shoals:3: layout_shoals, nicolae_shoals_beach_cooler
Shoals:4: shoals_end_simple, layout_shoals, nicolae_shoals_arrival_archipelago
Spider:1: layout_spider_delve, drop_trap, uniq_azrael, uniq_asterion
Spider:2: layout_spider_delve, portal_ice_cave_entry_ugly_swarm,
          gammafunk_ghost_tricky_traps, hellmonk_motheaten_closet
Spider:3: spiders_nest_scorpion_pit
Spider:4: spider_rune_water, uniq_mlioglotl, uniq_kirke
Orc:1:    layout_caves, abandoned_shop
Orc:2:    hellmonk_orc_salted, layout_caves, serial_shops,
          nicolae_shop_advertising_works [nicolae_subvault_shop_adworks]
Elf:1:    eino_elf_arrival_sip, layout_loops_corners, gammafunk_ghost_split,
          lightli_enter_wizlab_magi_temple, minmay_elf_sorcery
Elf:2:    nicolae_elf_blades_crystal_corner, layout_loops_corners,
          portal_desolation_entry_nicolae_nacl, uniq_louise
Elf:3:    grunt_elf_hall_spiral, layout_geoelf_diagonals,
          hangedman_feature_mirror, nicolae_elf_v_pinch
Vaults:1: hangedman_vaults_slither, nicolae_vaults_shrinking_rooms_1, v_rooms_1,
          nicolae_vaults_double_plus_2, nicolae_vaults_oozy_zoo,
          hangedman_vaults_nodes, nicolae_vaults_ellipses_ellipsis,
          nicolae_vaults_rhombus_6, nicolae_vaults_three_branches, v_misc_14,
          nicolae_vaults_little_squares_4, nicolae_vaults_trapezoid_lopsided_1,
          layout_vaults_maze_snakey
Vaults:2: nicolae_vaults_trapezoid_lopsided_2, ontoclasm_vaults_tryst,
          ontoclasm_vaults_shuriken, ontoclasm_vaults_idyll,
          nicolae_vaults_door_testing_chamber,
          nicolae_vaults_offset_grid_hallway_3, nicolae_vaults_wine_cellar,
          hangedman_vaults_capsules, vaults_mumra_hex, layout_vaults_omnigrid,
          serial_shops, shop
Vaults:3: nicolae_vaults_thirteen_compartments, grunt_vaults_twisty,
          vaults_room_boxed, nicolae_vaults_network_quinsquares
          [nicolae_vaults_network_quincunx_subvault,
          nicolae_vaults_network_quincunx_subvault,
          nicolae_vaults_network_quincunx_subvault,
          nicolae_vaults_network_quincunx_subvault], v_misc_24,
          nicolae_vaults_sightless_eye, nicolae_vaults_trapezoid_layered,
          vaults_mumra_minichess_inversion, v_misc_26, vaults_room_hallway,
          ontoclasm_vaults_decontamination, minmay_crypt_entry_simple_sparse,
          nicolae_vaults_diamond_2, layout_vaults_omnicross, uniq_boris,
          uniq_mennas
Vaults:4: nicolae_vaults_shipping_containers_6, v_rooms_3,
          nicolae_vaults_heart-shaped_vault, grunt_vaults_focal,
          hangedman_vaults_snaps, nicolae_vaults_cornered_office, v_misc_29,
          vaults_mumra_hexcomb, layout_vaults_chaotic_city, serial_shops, shop
Vaults:5: uniq_jory
Crypt:1:  layout_misc_corridors, grunt_ministairs_15, st_stairs_9,
          nicolae_crypt_little_mausoleum, grunt_crypt_arrival_split,
          uniq_margery
Crypt:2:  layout_rooms, hex_large, nicolae_crypt_small_crypt, st_stairs_2
Crypt:3:  due_elkab, layout_chaotic_city, gammafunk_ghost_crypt, basic_altar,
          grunt_ministairs_13, corner_web_ring, uniq_zenata
Depths:1: layout_basic, abyss_entry_small_statue_room, nicolae_eternal_life,
          hell_entry, minmay_serpent_palace
Depths:2: hangedman_slaughterboxes, pan_entry, hell_entry
Depths:3: nicolae_cairo_tiling_large, layout_cave_pools, hell_entry,
          rand_demon_pan_entry_8, abyss_entry, yredelemnul_altar_generic
Depths:4: grunt_x_marks_the_spot, layout_basic, roderic_roman_lattice,
          serial_shops, nicolae_shop_trees, pf_hell_entry_tar_spiral,
          uniq_saint_roka, uniq_vv, uniq_xtahua, uniq_josephina
Zot:1:    layout_gridlike, nzn_random_ring
Zot:2:    layout_cathedral_of_symmetry, door_vault
Zot:3:    layout_onion_interference, lemuel_golem_globe, grunt_megastairs_5
Zot:4:    layout_basic, lemuel_elevator
Zot:5:    layout_misc_corridors
Zig:14

Skill      XL: |  1  2  3  4  5  6  7  8  9 10 11 12 13 14 15 16 17 18 19 20 21 22 23 24 25 26 27 |
---------------+----------------------------------------------------------------------------------+-----
Short Blades   | 3 4 5 6 7 |  7.2
Fighting       | 3 4 5 6 7 9 10 11 12 14 15 17 18 19 20 | 20.5
Stealth        | 3 5 6 9 10 12 | 12.0
Polearms       | 2 7 8 10 11 12 13 15 16 | 16.0
Shields        | 4 5 6 7 8 9 11 12 13 14 15 16 17 18 19 | 19.0
Dodging        | 4 5 7 9 10 11 12 13 14 15 16 17 18 | 18.0
Evocations     | 3 4 6 7 8 |  8.1
Invocations    | 1 3 5 6 8 10 11 12 13 14 15 16 17 18 20 | 20.1
Spellcasting   | 4 6 8 10 11 12 13 14 15 17 | 17.6
Translocations | 5 7 9 |  9.0
Transmutations | 6 10 12 15 | 15.1
Earth Magic    | 6 10 12 13 14 15 16 20 | 20.5
Ice Magic      | 5 7 9 |  9.8
Necromancy     | 3 6 15 | 15.7
Throwing       | |  1.0

Action                     |  1- 3 |  4- 6 |  7- 9 | 10-12 | 13-15 | 16-18 | 19-21 | 22-24 | 25-27 || total
---------------------------+-------+-------+-------+-------+-------+-------+-------+-------+-------++-------
  Melee: Short sword       |    82 |   103 |       |       |       |       |       |       |       ||   185
         Constrict         |    23 |    31 |    34 |    60 |    84 |   225 |   227 |   156 |   292 ||  1132
         Tentacles         |    19 |    48 |    39 |   137 |   352 |   425 |   576 |   729 |  1012 ||  3337
         Punch             |     1 |     2 |     4 |    10 |    18 |    20 |    46 |    55 |    64 ||   220
         Dagger            |       |    35 |    15 |       |       |       |       |       |       ||    50
         Lance             |       |       |   200 |   491 |  1088 |  1354 |  2112 |  1951 |  2745 ||  9941
  Throw: Boomerang         |       |     8 |    35 |    11 |     9 |       |       |       |       ||    63
         Dart              |       |     9 |       |       |       |       |       |       |       ||     9
   Cast: Blink             |       |     2 |     1 |     2 |     6 |     2 |     1 |     2 |    13 ||    29
         Statue Form       |       |       |       |       |       |    35 |    46 |    36 |    79 ||   196
         Passwall          |       |       |       |       |       |     7 |     2 |       |       ||     9
         Shatter           |       |       |       |       |       |       |       |       |    23 ||    23
         Necromutation     |       |       |       |       |       |       |       |       |    12 ||    12
 Invoke: Slouch            |       |       |       |     1 |     7 |     4 |     5 |     4 |     5 ||    26
         Step From Time    |       |       |       |       |       |     2 |       |     1 |       ||     3
         Temporal Distorti |       |       |       |       |       |       |     1 |       |     1 ||     2
Ability: End Transformatio |       |       |       |       |       |       |       |       |     4 ||     4
  Evoke: Wand              |       |       |     1 |    11 |     3 |       |     3 |       |     5 ||    23
         Tin of tremorston |       |       |       |       |       |       |       |       |     1 ||     1
    Use: Scroll            |     4 |     7 |     3 |     5 |    12 |     9 |       |     6 |    12 ||    58
         Potion            |       |     2 |     1 |     2 |     1 |     4 |       |     2 |     8 ||    20
   Stab: Sleeping          |     9 |     3 |    13 |    22 |    38 |    58 |    54 |    44 |    36 ||   277
         Distracted        |       |     1 |     2 |     5 |     9 |     9 |     6 |     9 |    25 ||    66
         Paralysed         |       |       |       |     7 |     3 |       |       |       |       ||    10
         Invisible         |       |       |       |       |     5 |       |       |       |     1 ||     6
 Armour: Skin              |     5 |     9 |    19 |    15 |    25 |   147 |   255 |   266 |   650 ||  1391
  Dodge: Dodged            |    47 |    80 |    64 |   126 |   316 |   575 |  1446 |  1058 |  2523 ||  6235
  Block: Buckler           |       |       |     7 |    14 |       |       |       |       |       ||    21
         Kite shield       |       |       |       |   214 |   716 |   966 |  1995 |  1664 |  3009 ||  8564
         Reflection        |       |       |       |     2 |    31 |    42 |    93 |   101 |    40 ||   309

Table legend: (Time is in decaauts)
 A = Elapsed time spent in this place.
 B = Non-inter-level travel time spent in this place.
 C = Inter-level travel time spent in this place.
 D = Time resting spent in this place.
 E = Time spent auto-exploring this place.
 F = Levels seen in this place.
 G = Mean time per level.
                   A        B        C        D        E       F      G
               +--------+--------+--------+--------+--------+-----+--------+
         Total | 100222 |  91852 |   8370 |   1847 |  70428 |  68 | 1473.9 |
       Dungeon |  20361 |  18302 |   2059 |    488 |  15218 |  15 | 1357.4 |
        Temple |     14 |      1 |     13 |      0 |      0 |   1 |   14.0 |
          Lair |  10318 |   8681 |   1637 |      0 |   7260 |   5 | 2063.6 |
        Shoals |   6087 |   5779 |    308 |      0 |   4551 |   4 | 1521.8 |
   Spider Nest |   8247 |   7634 |    613 |      4 |   6076 |   4 | 2061.8 |
  Orcish Mines |   2519 |   2229 |    290 |      0 |   1823 |   2 | 1259.5 |
   Elven Halls |   6052 |   5760 |    292 |      0 |   4272 |   3 | 2017.3 |
        Vaults |  13154 |  12168 |    986 |     59 |   9324 |   5 | 2630.8 |
         Crypt |   6316 |   5892 |    424 |      0 |   4635 |   3 | 2105.3 |
        Depths |  10325 |   9309 |   1016 |      0 |   7197 |   4 | 2581.2 |
           Zot |  10660 |   9933 |    727 |    109 |   8016 |   5 | 2132.0 |
      Ziggurat |   2096 |   2096 |      0 |    805 |     39 |  14 |  149.7 |
      Ice Cave |    898 |    898 |      0 |      0 |    568 |   1 |  898.0 |
        Wizlab |   1600 |   1600 |      0 |    315 |    501 |   1 | 1600.0 |
    Desolation |   1567 |   1567 |      0 |     66 |    945 |   1 | 1567.0 |
               +--------+--------+--------+--------+--------+-----+--------+

Top non-repeatable levels by time:
 Crypt:3: 3309 daAuts
  Lair:1: 3205 daAuts
Vaults:5: 3119 daAuts
Depths:2: 3052 daAuts
   Zot:2: 3012 daAuts
Depths:4: 2896 daAuts
   Zot:1: 2864 daAuts
Vaults:4: 2825 daAuts
Vaults:3: 2694 daAuts
Depths:1: 2597 daAuts
Spider:4: 2561 daAuts
    D:13: 2337 daAuts
Vaults:2: 2326 daAuts
   Elf:1: 2307 daAuts
   Zot:3: 2275 daAuts
